Workbook
Name SDRATE: config!$B$3:$E$51

Sheet SD
D2: STAMP DUTY WITHHELD SCHEDULE
A5: S/N | B5: Beneficiary Name | C5: Beneficiary Tax ID | D5: Name of Instrument | E5: Transaction Date | F5: Transaction Description | G5: Transaction Amount | H5: Amount | I5: Rate
A6: 1 | H6: =IFERROR( IF(_xlfn.XLOOKUP(D6, config!$B$2:$B$100, config!$C$2:$C$100)="Ad Valorem", G6 * _xlfn.XLOOKUP(D6, config!$B$2:$B$100, config!$D$2:$D$100), _xlfn.XLOOKUP(D6, config!$B$2:$B$100, config!$D$2:$D$100) ), "") -> 0 | I6: =IFERROR(_xlfn.XLOOKUP(D6, config!$B$2:$B$100, config!$D$2:$D$100, ""), "") -> 0
A7: 2 | H7: =IFERROR( IF(_xlfn.XLOOKUP(D7, config!$B$2:$B$100, config!$C$2:$C$100)="Ad Valorem", G7 * _xlfn.XLOOKUP(D7, config!$B$2:$B$100, config!$D$2:$D$100), _xlfn.XLOOKUP(D7, config!$B$2:$B$100, config!$D$2:$D$100) ), "") -> 0 | I7: =IFERROR(_xlfn.XLOOKUP(D7, config!$B$2:$B$100, config!$D$2:$D$100, ""), "") -> 0
A8: 4 | H8: =IFERROR( IF(_xlfn.XLOOKUP(D8, config!$B$2:$B$100, config!$C$2:$C$100)="Ad Valorem", G8 * _xlfn.XLOOKUP(D8, config!$B$2:$B$100, config!$D$2:$D$100), _xlfn.XLOOKUP(D8, config!$B$2:$B$100, config!$D$2:$D$100) ), "") -> 0 | I8: =IFERROR(_xlfn.XLOOKUP(D8, config!$B$2:$B$100, config!$D$2:$D$100, ""), "") -> 0
A9: 5 | H9: =IFERROR( IF(_xlfn.XLOOKUP(D9, config!$B$2:$B$100, config!$C$2:$C$100)="Ad Valorem", G9 * _xlfn.XLOOKUP(D9, config!$B$2:$B$100, config!$D$2:$D$100), _xlfn.XLOOKUP(D9, config!$B$2:$B$100, config!$D$2:$D$100) ), "") -> 0 | I9: =IFERROR(_xlfn.XLOOKUP(D9, config!$B$2:$B$100, config!$D$2:$D$100, ""), "") -> 0
A10: 6 | H10: =IFERROR( IF(_xlfn.XLOOKUP(D10, config!$B$2:$B$100, config!$C$2:$C$100)="Ad Valorem", G10 * _xlfn.XLOOKUP(D10, config!$B$2:$B$100, config!$D$2:$D$100), _xlfn.XLOOKUP(D10, config!$B$2:$B$100, config!$D$2:$D$100) ), "") -> 0 | I10: =IFERROR(_xlfn.XLOOKUP(D10, config!$B$2:$B$100, config!$D$2:$D$100, ""), "") -> 0
A11: 7 | H11: =IFERROR( IF(_xlfn.XLOOKUP(D11, config!$B$2:$B$100, config!$C$2:$C$100)="Ad Valorem", G11 * _xlfn.XLOOKUP(D11, config!$B$2:$B$100, config!$D$2:$D$100), _xlfn.XLOOKUP(D11, config!$B$2:$B$100, config!$D$2:$D$100) ), "") -> 0 | I11: =IFERROR(_xlfn.XLOOKUP(D11, config!$B$2:$B$100, config!$D$2:$D$100, ""), "") -> 0
A12: 8 | H12: =IFERROR( IF(_xlfn.XLOOKUP(D12, config!$B$2:$B$100, config!$C$2:$C$100)="Ad Valorem", G12 * _xlfn.XLOOKUP(D12, config!$B$2:$B$100, config!$D$2:$D$100), _xlfn.XLOOKUP(D12, config!$B$2:$B$100, config!$D$2:$D$100) ), "") -> 0 | I12: =IFERROR(_xlfn.XLOOKUP(D12, config!$B$2:$B$100, config!$D$2:$D$100, ""), "") -> 0
A13: 9 | H13: =IFERROR( IF(_xlfn.XLOOKUP(D13, config!$B$2:$B$100, config!$C$2:$C$100)="Ad Valorem", G13 * _xlfn.XLOOKUP(D13, config!$B$2:$B$100, config!$D$2:$D$100), _xlfn.XLOOKUP(D13, config!$B$2:$B$100, config!$D$2:$D$100) ), "") -> 0 | I13: =IFERROR(_xlfn.XLOOKUP(D13, config!$B$2:$B$100, config!$D$2:$D$100, ""), "") -> 0
A14: 10 | H14: =IFERROR( IF(_xlfn.XLOOKUP(D14, config!$B$2:$B$100, config!$C$2:$C$100)="Ad Valorem", G14 * _xlfn.XLOOKUP(D14, config!$B$2:$B$100, config!$D$2:$D$100), _xlfn.XLOOKUP(D14, config!$B$2:$B$100, config!$D$2:$D$100) ), "") -> 0 | I14: =IFERROR(_xlfn.XLOOKUP(D14, config!$B$2:$B$100, config!$D$2:$D$100, ""), "") -> 0
A15: 11 | H15: =IFERROR( IF(_xlfn.XLOOKUP(D15, config!$B$2:$B$100, config!$C$2:$C$100)="Ad Valorem", G15 * _xlfn.XLOOKUP(D15, config!$B$2:$B$100, config!$D$2:$D$100), _xlfn.XLOOKUP(D15, config!$B$2:$B$100, config!$D$2:$D$100) ), "") -> 0 | I15: =IFERROR(_xlfn.XLOOKUP(D15, config!$B$2:$B$100, config!$D$2:$D$100, ""), "") -> 0
A16: 12 | H16: =IFERROR( IF(_xlfn.XLOOKUP(D16, config!$B$2:$B$100, config!$C$2:$C$100)="Ad Valorem", G16 * _xlfn.XLOOKUP(D16, config!$B$2:$B$100, config!$D$2:$D$100), _xlfn.XLOOKUP(D16, config!$B$2:$B$100, config!$D$2:$D$100) ), "") -> 0 | I16: =IFERROR(_xlfn.XLOOKUP(D16, config!$B$2:$B$100, config!$D$2:$D$100, ""), "") -> 0
A17: 13 | H17: =IFERROR( IF(_xlfn.XLOOKUP(D17, config!$B$2:$B$100, config!$C$2:$C$100)="Ad Valorem", G17 * _xlfn.XLOOKUP(D17, config!$B$2:$B$100, config!$D$2:$D$100), _xlfn.XLOOKUP(D17, config!$B$2:$B$100, config!$D$2:$D$100) ), "") -> 0 | I17: =IFERROR(_xlfn.XLOOKUP(D17, config!$B$2:$B$100, config!$D$2:$D$100, ""), "") -> 0
... A135: 131 | H135: =IFERROR( IF(_xlfn.XLOOKUP(D135, config!$B$2:$B$100, config!$C$2:$C$100)="Ad Valorem", G135 * _xlfn.XLOOKUP(D135, config!$B$2:$B$100, config!$D$2:$D$100), _xlfn.XLOOKUP(D135, config!$B$2:$B$100, config!$D$2:$D$100) ), "") -> 0 | I135: =IFERROR(_xlfn.XLOOKUP(D135, config!$B$2:$B$100, config!$D$2:$D$100, ""), "") -> 0

Sheet config
A1: S/N | B1: Item Name | C1: Item Type | D1: Rate | E1: Extra Copy | G1: type
A3: 1 | B3: Agreement or Contract with deposit (see Mortgage) | C3: Ad Valorem | D3: 0.00375 | E3: 50 | G3: Stamp
A4: 2 | B4: Agreement for sale of real property | C4: Ad Valorem | D4: 0.015 | E4: 50 | G4: Extra Copy
A5: 3 | B5: Annuity (see Conveyance on Sale) | C5: Ad Valorem | D5: 0.015 | E5: 50
A6: 4 | B6: Assignment (by way of security) | C6: Ad Valorem | D6: 0.00375 | E6: 0
A7: 5 | B7: Irrevocable Assignment (upon sale) | C7: Ad Valorem | D7: 0.015 | E7: 50
A8: 6 | B8: Bill of Exchange (Local & Foreign) | C8: Ad Valorem | D8: 0.001 | E8: 50
A9: 7 | B9: Bonds (Repayment & Transfer Stocks) | C9: Ad Valorem | D9: 0.00375 | E9: 0
A10: 8 | B10: Capital Duty on Nominal Shares | C10: Ad Valorem | D10: 0.0075 | E10: 50
A11: 9 | B11: Capital Duty on Loan Capital | C11: Ad Valorem | D11: 0.00125 | E11: 50
A12: 10 | B12: Loan Capital (conversion/consolidation) | C12: Ad Valorem | D12: 0.001 | E12: 50
A13: 11 | B13: Contract note for marketable security | C13: Ad Valorem | D13: 0.008 | E13: 50
A14: 12 | B14: Contract note for marketable security (principal also broker) | C14: Ad Valorem | D14: 0.0008 | E14: 50
A15: 13 | B15: Contract note (option note) | C15: Ad Valorem | D15: 0.0004 | E15: 50
A16: 14 | B16: Contract note (following stamped option note) | C16: Ad Valorem | D16: 0.0004 | E16: 50
... A20: 18 | B20: Covenant (payment or re-transfer) | C20: Ad Valorem | D20: 0.00375 | E20: 50
A21: 19 | B21: Covenant on annuity (original) | C21: Ad Valorem | D21: 0.015 | E21: Free
A22: 20 | B22: Covenant on annuity (not original) | C22: Ad Valorem | D22: 0.00375 | E22: 0
A23: 21 | B23: Defeasance (security) | C23: Ad Valorem | D23: 0.00375 | E23: 0
A24: 22 | B24: Demise (Lease ≤7 years) | C24: Ad Valorem | D24: 0.0078 | E24: 0
A25: 23 | B25: Demise (Lease >7 years) | C25: Ad Valorem | D25: 0.03 | E25: 0
A26: 24 | B26: Further charge/security | C26: Ad Valorem | D26: 0.00375 | E26: 0
A27: 25 | B27: Marketable security (all types) | C27: Ad Valorem | D27: 0.00225 | E27: 50
A28: 26 | B28: Mortgage, Bond, Debenture, Covenant | C28: Ad Valorem | D28: 0.00375 | E28: 50
A29: 27 | B29: Mutual disposition (Exchange) | C29: Ad Valorem | D29: 0.015 | E29: 50
A30: 28 | B30: Partition or Division | C30: Ad Valorem | D30: 0.015 | E30: 50
A31: 29 | B31: Policy of insurance (life) | C31: Ad Valorem | D31: 0.00075 | E31: 50
A32: 30 | B32: Policy of insurance (other kinds) | C32: Ad Valorem | D32: 0.00075 | E32: 50
A33: 31 | B33: Promissory note | C33: Ad Valorem | D33: 0.001 | E33: 50
... A50: 48 | B50: Receipt (for ₦10,000+) | C50: flat rate | D50: 50 | E50: 50
A51: 49 | B51: Electronic receipt / transfer (₦10,000+) | C51: flat rate | D51: 50 | E51: SDRATE
